 Dungeon Crawl Stone Soup version 0.32-a0-131-g9dbbe29261 (webtiles) character file.

Game seed: 11650730209638408652

1653 Newt the Cudgeller (level 8, -1/97 HPs)
             Began as a Demonspawn Gladiator on Feb 8, 2024.
             Was a Follower of Okawaru.
             Incinerated by a bombardier beetle (3 damage)
             ... with a burning spray
             ... on level 6 of the Dungeon.
             The game lasted 00:09:11 (5779 turns).

Newt the Cudgeller (Demonspawn Gladiator)           Turns: 5779, Time: 00:09:11

Health: -1/97      AC: 24    Str: 23    XL:     8   Next: 68%
Magic:  8/8        EV:  2    Int:  9    God:    Okawaru [*.....]
Gold:   332        SH:  0    Dex: 14    Spells: 7/7 levels left

rFire   . . .        i - +1 whip (elec)
rCold   . . .        (no shield)
rNeg    . . .        b - melded +1 leather armour
rPois   +            (helmet currently unavailable)
rElec   .            (cloak currently unavailable)
rCorr   .            (gloves currently unavailable)
SInv    .            (boots currently unavailable)
Will    .....        (no amulet)
Stlth   +            f - +6 ring of strength
HPRegen 0.36/turn    (no ring)
MPRegen 0.11/turn

%: no passive effects
@: on fire, tree-form, glowing, invisible (but backlit and visible)
A: stationary, stasis, torment immunity, boosted hp, (antennae 2), (claws 1),
(demonic guardian 1), (weakness stinger 1)
a: Renounce Religion, Heroism


You were on level 6 of the Dungeon.
You worshipped Okawaru.
Okawaru was aware of your devotion.
You were a tree.
You visited 2 branches of the dungeon, and saw 7 of its levels.
You also visited: Ossuary.

You collected 332 gold pieces.

Inventory:

Hand Weapons
 a - a +0 rapier
 g - a +2 antimagic short sword
 i - a +1 whip of electrocution (weapon)
Missiles
 l - 6 boomerangs (quivered)
Armour
 b - a +1 leather armour (melded)
 c - a +0 helmet
Jewellery
 f - a +6 ring of strength (left branch)
Wands
 n - a wand of flame (13)
Scrolls
 m - a scroll of teleportation
 p - a scroll of fog
 v - a scroll of vulnerability
 x - a scroll of poison {unknown}
 y - a scroll of noise {unknown}
Potions
 d - a potion of magic {unknown}
 j - 2 potions of degeneration
 k - a potion of lignification
 o - a potion of invisibility
 r - 2 potions of resistance
 s - a potion of berserk rage {unknown}
 w - a potion of attraction {unknown}


   Skills:
 + Level 6.7 Fighting
 - Level 4.0 Short Blades
 * Level 6.8 Maces & Flails
 - Level 1.7 Throwing
 - Level 4.2 Dodging


You had 7 spell levels left.
You didn't know any spells.
Your spell library contained the following spells:

 Spells                   Type           Power      Damage    Failure   Level
 Passage of Golubria      Tloc           0%         N/A       99%         4
 Silence                  Hex/Air        0%         N/A       100%        5
 Lehudib's Crystal Spear  Conj/Erth      0%         10d2      100%        8


Dungeon Overview and Level Annotations

Branches:
Dungeon (6/15)             Temple (1/1) D:4         Ossuary (visited)

Altars:
Ashenzari
Cheibriados
Dithmenos
Fedhas
Hepliaklqana
Kikubaaqudgha
Makhleb
Nemelex Xobeh
Okawaru
Qazlal
Ru
Sif Muna
Trog
Uskayaw
Vehumet
Xom


Innate Abilities, Weirdness & Mutations

You are a tree.
Your roots penetrate the ground, keeping you stationary.
You cannot be teleported.
You are immune to unholy pain and torment.
Your maximum health is greatly increased.
Your equipment is partially melded.
((You have a pair of antennae on your head.))
((You have sharp fingernails.))
((A weak demonic guardian rushes to your aid.))
((You have a small tail.))


Message History

You are on fire!
You are on fire!
You cannot move.
You cannot move.
You cannot move.
The liquid fire burns you!
* * * LOW HITPOINT WARNING * * *
The liquid fire burns you!
* * * LOW HITPOINT WARNING * * *
You feel better. The liquid fire burns you!
* * * LOW HITPOINT WARNING * * *
You feel better. The liquid fire burns you!
* * * LOW HITPOINT WARNING * * *
The liquid fire burns you!
* * * LOW HITPOINT WARNING * * *
The liquid fire burns you!
* * * LOW HITPOINT WARNING * * *
The liquid fire burns you!
* * * LOW HITPOINT WARNING * * *
You feel much better. The liquid fire burns you!
* * * LOW HITPOINT WARNING * * *
The liquid fire burns you!
* * * LOW HITPOINT WARNING * * *
The liquid fire burns you!
* * * LOW HITPOINT WARNING * * *
The liquid fire burns you!
* * * LOW HITPOINT WARNING * * *
The liquid fire burns you!
* * * LOW HITPOINT WARNING * * *
The liquid fire burns you!
* * * LOW HITPOINT WARNING * * *
The liquid fire burns you!
* * * LOW HITPOINT WARNING * * *
It was a potion of invisibility.
You become transparent, but the glow from your liquid flames prevents you from becoming completely invisible.
The liquid fire burns you!
You die...

#(. #..
.### #.#
... ..# #
...
##.##.#
#.# #....
#.# #..#
#.####.<#
#..♣)†..#
##†##..##
#.##..#
#.##..#
#.##..#
..##...
#.##.###
...#.#
...


There were no monsters in sight!

Vanquished Creatures
  A hornet (D:6)
  Sigmund (D:3)
  Duvessa (D:6)
  An ice beast (D:5)
  A centaur (D:5)
  A phantom (D:5)
  A water moccasin zombie (Ossuary)
  2 scorpions (Ossuary)
  A wight (Ossuary)
  Dowan (D:6)
  A howler monkey (D:6)
  3 bombardier beetles
  3 hounds
  4 bullfrog zombies (Ossuary)
  A centaur zombie (Ossuary)
  An orc wizard (D:3)
  An iguana (D:5)
  A scorpion zombie (Ossuary)
  5 adders
  A white imp (D:5)
  4 ufetubi
  3 adder zombies (Ossuary)
  3 dart slugs
  3 ribbon worms
  13 orcs
  4 ball pythons
  8 bats
  9 endoplasms
  5 giant cockroaches
  2 gnoll zombies (Ossuary)
  7 goblins
  3 hobgoblins
  3 jackals (D:2)
  5 kobolds
  4 quokkas
  2 frilled lizards
  6 goblin zombies
  2 hobgoblin zombies (Ossuary)
  4 orc zombies (Ossuary)
  2 rats
  A rat zombie (D:4)
125 creatures vanquished.

Notes
Turn   | Place    | Note
-------+----------+-------------------------------------------
     0 | D:1      | Newt the Demonspawn Gladiator began the quest for the Orb.
     0 | D:1      | Reached XP level 1. HP: 16/16 MP: 1/1
    43 | D:1      | Discovered your monstrous ancestry.
    43 | D:1      | Gained mutation: You have a pair of small antennae on your
                  | head. [demonic ancestry]
    43 | D:1      | Reached XP level 2. HP: 10/22 MP: 2/2
   665 | D:2      | Reached XP level 3. HP: 21/28 MP: 1/3
  1321 | D:3      | Noticed Sigmund
  1470 | D:3      | Gained mutation: You have a pair of antennae on your head.
                  | [demonic ancestry]
  1470 | D:3      | Reached XP level 4. HP: 31/34 MP: 1/4
  2309 | D:4      | Gained mutation: You have sharp fingernails. [demonic
                  | ancestry]
  2309 | D:4      | Reached XP level 5. HP: 39/41 MP: 1/5
  2327 | D:4      | Found a sand-covered staircase.
  2344 | Ossuary  | Entered an ossuary
  2799 | Ossuary  | Reached XP level 6. HP: 45/48 MP: 6/6
  2813 | Ossuary  | Reached skill level 1 in Maces & Flails
  3488 | Ossuary  | Gained mutation: You have a small tail. [demonic ancestry]
  3488 | Ossuary  | Reached XP level 7. HP: 46/55 MP: 7/7
  3638 | Ossuary  | Noticed a silent spectre
  3785 | D:3      | Killed Sigmund
  3786 | D:3      | Reached skill level 5 in Fighting
  3806 | D:3      | Found a broken altar of Ashenzari.
  4044 | D:3      | Found a shimmering blue altar of Sif Muna.
  4078 | D:4      | Found a staircase to the Ecumenical Temple.
  4092 | Temple   | Entered the Ecumenical Temple
  4130 | Temple   | Became a worshipper of Warmaster Okawaru
  4828 | D:5      | Entered Level 5 of the Dungeon
  4963 | D:5      | Found a radiant altar of Vehumet.
  4983 | D:5      | Reached skill level 5 in Maces & Flails
  4983 | D:5      | Gained mutation: A weak demonic guardian rushes to your
                  | aid. [demonic ancestry]
  4983 | D:5      | Reached XP level 8. HP: 32/64 MP: 8/8
  5130 | D:5      | Found an ancient bone altar of Kikubaaqudgha.
  5711 | D:6      | Noticed a hornet
  5713 | D:6      | Reached * piety under Okawaru
  5716 | D:6      | Killed a hornet
  5731 | D:6      | Noticed Dowan
  5732 | D:6      | Noticed Duvessa
  5743 | D:6      | Killed Dowan
  5753 | D:6      | Killed Duvessa
  5766 | D:6      | HP: 4/97 [burnt (5)]
  5771 | D:6      | HP: 4/97 [burnt (4)]
  5778 | D:6      | HP: 1/97 [burnt (4)]
  5779 | D:6      | Incinerated by a bombardier beetle

Illustrated notes

Levels and vault maps discovered:
D:1:      minmay_arrival_radiant_lines, layout_rooms
D:2:      cheibrodos_old_hovel, layout_basic
D:3:      layout_basic, mainiacjoe_overflow_swirl, uniq_sigmund
D:4:      layout_basic, minmay_temple_entry_junction_2, enter_ossuary_4
D:5:      layout_cave_pods, vehumet_altar_wand_db, lemuel_round_altar,
          dreamdust_mushroom_princess
D:6:      layout_loops_ring, nicolae_gozag_zags_fifth_avenue,
          gammafunk_ghost_hive, nicolae_shop_self_help, uniq_duvessa,
          uniq_jeremiah
Temple:   regret_index_temple_generic_petals

Skill      XL: |  1  2  3  4  5  6  7  8 |
---------------+-------------------------+-----
Short Blades   | 3 4 |  4.0
Fighting       | 3 4 5 6 |  6.7
Dodging        | 3 4 |  4.2
Maces & Flails | 3 5 6 |  6.8
Throwing       | |  1.7

Action                     |  1- 3 |  4- 6 |  7- 9 || total
---------------------------+-------+-------+-------++-------
  Melee: Rapier            |    33 |       |       ||    33
         Punch             |     3 |     8 |     4 ||    15
         Short sword       |   101 |   181 |       ||   282
         Whip              |       |    63 |   145 ||   208
         Tailslap          |       |       |    20 ||    20
  Throw: Throwing net      |     2 |     7 |     1 ||    10
         Boomerang         |       |       |    18 ||    18
         Javelin           |       |       |     1 ||     1
  Evoke: Wand              |       |     4 |     1 ||     5
    Use: Scroll            |     3 |       |     6 ||     9
         Potion            |       |     3 |     7 ||    10
   Stab: Sleeping          |     1 |       |       ||     1
         Held in net/web   |       |     3 |     1 ||     4
 Armour: Leather armour    |    71 |   162 |    89 ||   322
         Skin              |       |       |     5 ||     5
  Dodge: Dodged            |    81 |   168 |    89 ||   338

Table legend: (Time is in decaauts)
 A = Elapsed time spent in this place.
 B = Non-inter-level travel time spent in this place.
 C = Inter-level travel time spent in this place.
 D = Time resting spent in this place.
 E = Time spent auto-exploring this place.
 F = Levels seen in this place.
 G = Mean time per level.
                   A        B        C        D        E       F      G
               +--------+--------+--------+--------+--------+-----+--------+
         Total |   5711 |   5394 |    317 |   1612 |   2664 |   8 |  713.9 |
       Dungeon |   4281 |   4040 |    241 |    622 |   2547 |   6 |  713.5 |
        Temple |     76 |      1 |     75 |      0 |      0 |   1 |   76.0 |
       Ossuary |   1353 |   1353 |      0 |    990 |    117 |   1 | 1353.0 |
               +--------+--------+--------+--------+--------+-----+--------+

Top non-repeatable levels by time:
 Ossuary: 1353 daAuts
     D:3: 1194 daAuts
     D:4: 927 daAuts
     D:5: 875 daAuts
     D:2: 687 daAuts
     D:1: 528 daAuts
  Temple: 76 daAuts
     D:6: 68 daAuts
